 Dungeon Crawl Stone Soup version 0.29.0-3-gbb0933ed62 (webtiles) character file.

Game seed: 16159567160706982503

3321 sking99 the Grappler (level 9, -2/89 HPs)
             Began as a Troll Monk on Aug 25, 2022.
             Was a Priest of Qazlal.
             Slain by a troll (13 damage)
             ... on level 8 of the Dungeon.
             The game lasted 00:08:35 (5828 turns).

sking99 the Grappler (Troll Monk)                   Turns: 5828, Time: 00:08:35

Health: -2/89      AC: 10    Str: 25    XL:     9   Next: 71%
Magic:  12/12      EV: 10    Int:  6    God:    Qazlal [***...]
Gold:   1432       SH:  4    Dex: 12    Spells: 8/8 levels left

rFire   . . .      SeeInvis .     - Unarmed
rCold   . . .      Faith    .   (no shield)
rNeg    . . .      Spirit   .   a - +1 robe
rPois   .          Reflect  .   (helmet restricted)
rElec   .          Harm     .   n - +0 cloak
rCorr   .          Rampage  .   (gloves unavailable)
Will    .....                   (boots unavailable)
Stlth   +.........              (no amulet)
HPRegen 1.04/turn               i - +4 ring of protection
MPRegen 0.13/turn               (no ring)

@: no status effects
A: large, unfitting armour, claws 3, regeneration 1, shaggy fur 1, tough skin 1
a: Renounce Religion, Upheaval, Elemental Force


You were on level 8 of the Dungeon.
You worshipped Qazlal.
Qazlal was most pleased with you.
You visited 2 branches of the dungeon, and saw 9 of its levels.

You collected 1432 gold pieces.

Inventory:

Armour
 a - a +1 robe (worn)
 n - a +0 cloak (worn)
Jewellery
 i - a +4 ring of protection (left claw)
 v - a ring of ice
Wands
 o - a wand of quicksilver (8)
Scrolls
 g - a scroll of magic mapping
 h - 2 scrolls of amnesia {unknown}
 k - 2 scrolls of noise {unknown}
 r - a scroll of teleportation
 s - a scroll of torment {unknown}
 w - 2 scrolls of enchant weapon {unknown}
 x - 3 scrolls of poison {unknown}
 y - a scroll of brand weapon
 z - 2 scrolls of fear
Potions
 b - 2 potions of ambrosia
 c - a potion of berserk rage
 d - 4 potions of brilliance
 e - 3 potions of lignification {unknown}
 f - 3 potions of curing
 j - 3 potions of attraction
 l - 2 potions of haste
 m - a potion of invisibility {unknown}
 p - 2 potions of degeneration {unknown}
 q - 3 potions of flight
 t - a potion of magic {unknown}
 u - a potion of heal wounds {unknown}
 A - a potion of resistance {unknown}


   Skills:
 + Level 6.2 Fighting
 - Level 2.4 Dodging
 - Level 1.0 Stealth
 * Level 10.2 Unarmed Combat
 * Level 6.2 Invocations


You had 8 spell levels left.
You didn't know any spells.
Your spell library contained the following spells:

 Spells                   Type           Power      Damage    Failure   Level
 Sting                    Tmut/Pois      0%         1d3       45%         1
 Poisonous Vapours        Pois/Air       0%         N/A       58%         2
 Olgreb's Toxic Radiance  Pois           0%         N/A       99%         4
 Chain Lightning          Conj/Air       0%         N/A       100%        9
 Fire Storm               Conj/Fire      0%         5d1       100%        9
 Shatter                  Erth           0%         3d5*      100%        9


Dungeon Overview and Level Annotations

Branches:
Dungeon (8/15)             Temple (1/1) D:5            Lair (0/5) D:8

Altars:
Ashenzari
Cheibriados
Dithmenos
Elyvilon
Fedhas
Gozag
Hepliaklqana
Kikubaaqudgha
Makhleb
Okawaru
Qazlal
Ru
Sif Muna
Trog
Uskayaw
Vehumet
Wu Jian
Xom
Yredelemnul
Zin
The Shining One

Shops:
D:1 !

Annotations:
D:8 1 transporter


Innate Abilities, Weirdness & Mutations

You are too large for most types of armour.
You have claws for hands.
Your natural rate of healing is unusually fast.
You are covered in fur. (AC +1)
You have tough skin. (AC +1)


Message History

The steam dragon closely misses you. The steam dragon claws you.
You closely miss the steam dragon.
The steam dragon is heavily wounded.
The steam dragon breathes steam at you. The ball of steam hits you!
You mangle the steam dragon!!
You kill the steam dragon!
Qazlal accepts your kill.
The steam dragon scales are intact enough to wear.
The killer bee stings you.
You mangle the killer bee!!
You kill the killer bee!
Qazlal accepts your kill.
The wolf is engulfed in a cloud of scalding steam.
The wolf bites you.
You mangle the wolf!!
You kill the wolf!
Qazlal accepts your kill. The troll bites you! The troll claws you.
* * * LOW HITPOINT WARNING * * *
The troll claws you but does no damage.
Items here: [ †††††.
You claw the troll!
The troll is heavily wounded.
The troll bites you but does no damage.
The troll claws you but does no damage. x2
You claw the troll!
The troll is almost dead.
The troll bites you but does no damage. The troll claws you but does no damage.
The troll claws you!
* * * LOW HITPOINT WARNING * * *
You scratch the troll but do no damage.
The troll is almost dead.
The troll bites you but does no damage. The troll claws you!
* * * LOW HITPOINT WARNING * * *
The troll claws you.
* * * LOW HITPOINT WARNING * * *
You closely miss the troll.
The troll is almost dead.
The troll bites you!
You die...

....~..~h~..##
....$$hhh...#
####.yF##### #
###h# # #.# #
#.# # #.###
#..T# #.#@#
###.# #####
#.# ...8## ..#
....©# ...#
...... ....#
....©# ....##
...8## 8....
##### ######


You could see a troll.

Vanquished Creatures
  A wraith (D:6)
  A steam dragon (D:8)
  3 water moccasins
  2 black bears
  3 wolves (D:8)
  3 ogres (D:5)
  A centaur (D:6)
  2 phantoms
  A kobold brigand (D:7)
  3 necrophages
  3 bullfrogs
  3 scorpions
  6 wights
  5 killer bees (D:8)
  4 hounds
  An orc priest (D:5)
  Jessica (D:2)
  Ijyb (D:5)
  3 iguanas (D:5)
  Natasha (twice) (D:2)
  7 orc wizards
  3 gnolls (D:7)
  5 adders
  A shadow imp (D:7)
  An ufetubus (D:6)
  4 worms
  11 dart slugs
  10 orcs
  3 bats
  3 endoplasms
  3 giant cockroaches
  7 goblins
  8 hobgoblins
  8 kobolds
  4 quokkas
  8 ball pythons
  3 frilled lizards (D:1)
  2 rats
140 creatures vanquished.

Notes
Turn   | Place    | Note
-------+----------+-------------------------------------------
     0 | D:1      | sking99 the Troll Monk began the quest for the Orb.
     0 | D:1      | Reached XP level 1. HP: 22/22 MP: 0/0
    93 | D:1      | Found Voraher's Distillery.
   237 | D:1      | Reached XP level 2. HP: 29/29 MP: 1/1
   546 | D:2      | Noticed Natasha
   552 | D:2      | Killed Natasha
   553 | D:2      | Reached skill level 4 in Unarmed Combat
   553 | D:2      | Reached XP level 3. HP: 27/36 MP: 2/2
   617 | D:2      | Noticed Jessica
   622 | D:2      | Killed Jessica
   623 | D:2      | Reached XP level 4. HP: 29/45 MP: 3/3
   759 | D:2      | Noticed Natasha
   764 | D:2      | Killed Natasha
  1150 | D:3      | Found a faded altar of an unknown god.
  1185 | D:3      | You fall into a shaft and drop 1 floor!
  1224 | D:4      | Identified a scroll of acquirement
  1224 | D:4      | Acquired 928 gold pieces
  1288 | D:3      | Reached skill level 5 in Unarmed Combat
  1455 | D:3      | Found a shimmering blue altar of Sif Muna.
  1512 | D:3      | Reached XP level 5. HP: 53/53 MP: 4/4
  2116 | D:4      | Noticed a phantom
  2130 | D:4      | Killed a phantom
  2194 | D:4      | Noticed a black bear
  2204 | D:4      | Killed a black bear
  2205 | D:4      | Reached skill level 6 in Unarmed Combat
  2205 | D:4      | Reached XP level 6. HP: 59/62 MP: 5/5
  2569 | D:4      | Identified the +7 hand axe of the Maze {vorpal, Will+
                  | Stlth+}
  2655 | D:5      | Entered Level 5 of the Dungeon
  2705 | D:5      | Noticed a water moccasin
  2724 | D:5      | Killed a water moccasin
  2725 | D:5      | Reached XP level 7. HP: 40/71 MP: 6/6
  2823 | D:5      | Noticed Ijyb
  2833 | D:5      | Killed Ijyb
  2834 | D:5      | Reached skill level 7 in Unarmed Combat
  2875 | D:5      | Found a staircase to the Ecumenical Temple.
  2891 | Temple   | Entered the Ecumenical Temple
  3114 | Temple   | Became a worshipper of Qazlal Stormbringer
  3114 | Temple   | Reached * piety under Qazlal
  3114 | Temple   | Reached ** piety under Qazlal
  3192 | D:5      | Found an ancient bone altar of Kikubaaqudgha.
  3241 | D:5      | Reached skill level 1 in Invocations
  3358 | D:5      | Reached XP level 8. HP: 79/79 MP: 8/8
  3458 | D:5      | Reached skill level 8 in Unarmed Combat
  3642 | D:5      | Reached skill level 5 in Fighting
  3912 | D:5      | Identified the +9 hand axe of the Sky {vorpal, rCorr Str+5
                  | Int-2}
  4699 | D:6      | Reached skill level 9 in Unarmed Combat
  5030 | D:7      | Reached XP level 9. HP: 84/88 MP: 11/11
  5142 | D:7      | Reached *** piety under Qazlal
  5143 | D:7      | Reached skill level 5 in Invocations
  5742 | D:8      | Found a transporter.
  5778 | D:8      | Found a staircase to the Lair.
  5780 | D:8      | Noticed a troll
  5810 | D:8      | Reached skill level 10 in Unarmed Combat
  5828 | D:8      | Slain by a troll

Illustrated notes

Levels and vault maps discovered:
D:1:      dpeg_arrival_shelter, layout_rooms, serial_shops, shop
D:2:      layout_basic, uniq_natasha, uniq_jessica
D:3:      cheibrodos_greedy_goblins, layout_basic, mainiacjoe_overflow_alcove_2,
          chequers_ecumenical_altar_simple_redux, st_stairs_14
D:4:      kennysheep_slugbush, layout_basic, minivault_23,
          nicolae_elevator_lobby_plus
D:5:      layout_basic, kiku_gazebo_pond_becter, minmay_temple_entry_slanted,
          uniq_ijyb
D:6:      layout_loops_corners
D:7:      layout_cave_pods
D:8:      layout_loops_ring, erik_lair_island, minmay_fountain_box,
          minmay_misc_feat_four_crosses, nicolae_zen_rock_garden,
          nicolae_transporter_circle
Temple:   compressed_dpeg_triangle_lava_temple

Skill      XL: |  1  2  3  4  5  6  7  8  9 |
---------------+----------------------------+-----
Unarmed Combat | 4 5 6 7 9 10 | 10.2
Fighting       | 3 4 5 6 |  6.2
Invocations    | 2 4 6 |  6.2
Dodging        | |  2.4
Stealth        | |  1.0

Action                   |  1- 3 |  4- 6 |  7- 9 || total
-------------------------+-------+-------+-------++-------
Melee: Unarmed           |    54 |   158 |   230 ||   442
       Punch             |     1 |     2 |     9 ||    12
  Use: Scroll            |       |    16 |     1 ||    17
 Stab: Sleeping          |     1 |     5 |       ||     6
Armor: Robe              |    14 |    61 |   100 ||   175
Dodge: Dodged            |    20 |    72 |   109 ||   201
Block: Other             |       |       |    17 ||    17
